[Event "BAN-chT SAIF POWERTEC 2020"]
[Site "Dhaka"]
[Date "2021.03.28"]
[Round "10.9"]
[White "Nayem, Haque"]
[Black "Chowdhury, Sohel"]
[Result "1-0"]
[ECO "A03"]
[WhiteElo "2040"]
[BlackElo "2149"]
[Annotator "NA"]
[PlyCount "85"]
[EventDate "2021.03.19"]
[EventType "team-tourn"]
[EventCountry "BAN"]
[SourceTitle "playchess.com"]
[Source "ChessBase"]
[SourceQuality "1"]
[TimeControl "5400+30"]

1. f4 d5 2. Nf3 c5 3. e3 Nc6 4. Be2 Nf6 5. O-O e6 6. Ne5 Qc7 7. Nxc6 Qxc6 8. d3 a6 9. Nd2 Qc7 10. Nf3 Bd6 11. a4 b6 12. Qe1 Bb7 13. Qh4 Be7 14. Qh3 Nd7 15. Bd2 Bf6 16. c3 O-O 17. d4 c4 18. Bd1 Rfe8 19. Bc2 g6 20. g4 Bg7 21. g5 b5 22. Ne5 f5 23. Qg3 Nxe5 24. fxe5 Bc6 25. a5 Rab8 26. h4 Bf8 27. h5 Be7 28. Rf2 Kf7 29. Bxf5 gxf5 30. g6+ Kg8 31. gxh7+ Kh8 32. Rg2 Bh4 33. Qxh4 Kxh7 34. Kf2 Qe7 35. Qf4 Rg8 36. Rg6 Rxg6 37. hxg6+ Kg8 38. g7 Kf7 39. Qh6 Rg8 40. Qh5+ Kxg7 41. Rg1+ Kf8 42. Qh6+ Rg7 43. Qh8+ 1-0

[Event "BAN-chT SAIF POWERTEC 2020"]
[Site "Dhaka"]
[Date "2021.03.28"]
[Round "10.9"]
[White "Jabed Al Azad"]
[Black "Aronyak Ghosh"]
[Result "0-1"]
[ECO "B04"]
[WhiteElo "2002"]
[BlackElo "2436"]
[Annotator "ChessBase"]
[PlyCount "84"]
[EventDate "2021.03.19"]
[EventType "team-tourn"]
[EventCountry "BAN"]
[SourceTitle "playchess.com"]
[Source "ChessBase"]
[SourceQuality "1"]
[TimeControl "5400+30"]

1. e4 Nf6 2. e5 Nd5 3. d4 d6 4. Nf3 dxe5 5. Nxe5 c6 6. Bc4 g6 7. Qf3 Be6 8. O-O Nd7 9. Nd3 Bg7 10. c3 O-O 11. Bb3 a5 12. Nf4 Nxf4 13. Bxf4 Bf5 14. a4 e5 15. dxe5 Nxe5 16. Bxe5 Bxe5 17. Na3 Qb6 18. Nc4 Bxh2+ 19. Kxh2 Qxb3 20. Ne3 Be6 21. Qf6 Qb6 22. Rad1 Rad8 23. g4 Rfe8 24. Kg2 Rxd1 25. Rxd1 Qc5 26. Rd8 Rxd8 27. Qxd8+ Kg7 28. Kg3 Qe5+ 29. Kg2 Bd5+ 30. Kf1 Qe4 31. Ke2 Be6 32. Qg5 h6 33. Qxa5 Bxg4+ 34. Kd2 Qf4 35. Ke1 Bf3 36. c4 h5 37. Qc3+ Kg8 38. Qb4 Qd4 39. Kf1 Qd3+ 40. Kg1 Qb1+ 41. Kh2 Qh1+ 42. Kg3 g5 0-1

[Event "BAN-chT SAIF POWERTEC 2020"]
[Site "Dhaka"]
[Date "2021.03.28"]
[Round "10.10"]
[White "Puranik, Abhimanyu"]
[Black "Sumit, Kumar"]
[Result "1-0"]
[ECO "A29"]
[WhiteElo "2584"]
[BlackElo "2196"]
[Annotator "ChessBase"]
[PlyCount "81"]
[EventDate "2021.03.19"]
[EventType "team-tourn"]
[EventCountry "BAN"]
[SourceTitle "playchess.com"]
[Source "ChessBase"]
[SourceQuality "1"]
[TimeControl "5400+30"]

1. c4 e5 2. Nc3 Nf6 3. Nf3 Nc6 4. g3 Bc5 5. Bg2 d6 6. d3 a5 7. O-O O-O 8. b3 h6 9. e3 Ba7 10. Bb2 Be6 11. Nb5 Re8 12. d4 e4 13. Nd2 Bf5 14. a3 Qe7 15. d5 Nb8 16. Bxf6 gxf6 17. Qh5 Bg6 18. Qxh6 Bb6 19. Nc3 f5 20. Ne2 Nd7 21. Nf4 Ne5 22. Nh5 Bxh5 23. Qxh5 Qd7 24. Bh3 Ng4 25. Kg2 Re7 26. Rh1 Re5 27. Qg5+ Kh7 28. Bxg4 fxg4 29. Qf6 Qe7 30. Qf4 Qg5 31. h3 Qxf4 32. gxf4 Re7 33. hxg4+ Kg7 34. Kg3 f5 35. Rh5 fxg4 36. Kxg4 Bc5 37. Rah1 Rg8 38. Rg5+ Kf8 39. Rxg8+ Kxg8 40. Ra1 Kf7 41. Kf5 1-0

[Event "BAN-chT SAIF POWERTEC 2020"]
[Site "Dhaka"]
[Date "2021.03.28"]
[Round "10.10"]
[White "Subhayan Kundu"]
[Black "Erigaisi Arjun"]
[Result "0-1"]
[ECO "C01"]
[WhiteElo "2305"]
[BlackElo "2559"]
[Annotator "ChessBase"]
[PlyCount "56"]
[EventDate "2021.03.19"]
[EventType "team-tourn"]
[EventCountry "BAN"]
[SourceTitle "playchess.com"]
[Source "ChessBase"]
[SourceQuality "1"]
[TimeControl "5400+30"]

1. e4 e6 2. d4 d5 3. Nc3 Bb4 4. exd5 exd5 5. Bd3 Nc6 6. Nf3 Bg4 7. Be3 Nge7 8. h3 Bh5 9. O-O Qd7 10. a3 Bd6 11. Nb5 O-O-O 12. b3 a6 13. Nxd6+ Qxd6 14. g3 h6 15. Kg2 Qf6 16. c3 g5 17. g4 Bg6 18. Ne5 Nxe5 19. dxe5 Qc6 20. Bd4 h5 21. f4 Bxd3 22. Qxd3 hxg4 23. hxg4 gxf4 24. Rxf4 Ng6 25. Rxf7 Qe6 26. Rf5 Rdg8 27. Kg3 Ne7 28. Raf1 Qh6 0-1

[Event "BAN-chT SAIF POWERTEC 2020"]
[Site "Dhaka"]
[Date "2021.03.28"]
[Round "10.11"]
[White "Dhulipalla Bala Chandra Prasad"]
[Black "Shawket Bin, Osman Shaon"]
[Result "1-0"]
[ECO "A11"]
[WhiteElo "2441"]
[BlackElo "1982"]
[Annotator "ChessBase"]
[PlyCount "75"]
[EventDate "2021.03.19"]
[EventType "team-tourn"]
[EventCountry "BAN"]
[SourceTitle "playchess.com"]
[Source "ChessBase"]
[SourceQuality "1"]
[TimeControl "5400+30"]

1. c4 c6 2. Nf3 d5 3. g3 Nf6 4. Bg2 Nbd7 5. O-O dxc4 6. Na3 Nb6 7. Qc2 Be6 8. b3 cxb3 9. axb3 g6 10. e4 Bg7 11. d4 O-O 12. Bb2 h6 13. Nc4 Nfd7 14. Na5 Qc8 15. h3 Nb8 16. Kh2 Na6 17. Ne5 Nd7 18. Nd3 Nb6 19. Nf4 Bd7 20. Qe2 Nc7 21. Rac1 Qb8 22. Nd3 Nb5 23. Qe3 Rd8 24. Rfd1 Bc8 25. Nc5 Nd7 26. Nd3 Nf8 27. Ne5 Ne6 28. f4 Qd6 29. d5 cxd5 30. Rxd5 Qb6 31. Qd2 Rxd5 32. exd5 Ned4 33. Nac4 Qc5 34. b4 Qc7 35. Bxd4 Nxd4 36. Qxd4 b5 37. d6 exd6 38. Qxd6 1-0

[Event "BAN-chT SAIF POWERTEC 2020"]
[Site "Dhaka"]
[Date "2021.03.28"]
[Round "10.11"]
[White "Kaustuv, Kundu"]
[Black "Narayanan.S.L"]
[Result "1/2-1/2"]
[ECO "A13"]
[WhiteElo "2301"]
[BlackElo "2618"]
[Annotator "ChessBase"]
[PlyCount "52"]
[EventDate "2021.03.19"]
[EventType "team-tourn"]
[EventCountry "BAN"]
[SourceTitle "playchess.com"]
[Source "ChessBase"]
[SourceQuality "1"]
[TimeControl "5400+30"]

1. c4 e6 2. g3 d5 3. Bg2 d4 4. Nf3 c5 5. O-O Ne7 6. e3 Nec6 7. d3 Be7 8. Na3 O-O 9. Nc2 a5 10. e4 e5 11. Nd2 a4 12. f4 exf4 13. gxf4 f5 14. Ne1 Kh8 15. exf5 Bxf5 16. Ne4 Qd7 17. Bd2 a3 18. bxa3 Rxa3 19. Qc1 Ra8 20. Qb2 Na6 21. Rb1 Rab8 22. a3 Nc7 23. Qb6 Na8 24. Qb5 Nc7 25. Qb6 Na8 26. Qb5 Nc7 1/2-1/2

[Event "BAN-chT SAIF POWERTEC 2020"]
[Site "Dhaka"]
[Date "2021.03.28"]
[Round "10.12"]
[White "Chatterjee, Debaraj"]
[Black "Sultana, Sharmin Shirin"]
[Result "1-0"]
[ECO "D11"]
[WhiteElo "2223"]
[BlackElo "2002"]
[Annotator "NA"]
[PlyCount "117"]
[EventDate "2021.03.19"]
[EventType "team-tourn"]
[EventCountry "BAN"]
[SourceTitle "playchess.com"]
[Source "ChessBase"]
[SourceQuality "1"]
[TimeControl "5400+30"]

1. d4 d5 2. c4 c6 3. Nf3 Nf6 4. e3 a6 5. Nbd2 b5 6. b3 Bg4 7. Be2 e6 8. O-O Bd6 9. a4 b4 10. h3 Bh5 11. Bb2 O-O $14 12. Rc1 a5 13. cxd5 cxd5 14. Ne5 Bg6 15. Bb5 Nfd7 16. Qe2 Ra7 17. Bxd7 Bxe5 18. Bxe6 Bc7 19. Bg4 Qd6 20. g3 Nd7 21. Bf3 Qe6 22. Bg2 Nf6 23. Qb5 Bxg3 24. fxg3 Qxe3+ 25. Rf2 Qxg3 26. Qe2 Ne4 27. Rf3 Qg5 28. Nxe4 Bxe4 29. Qe3 Qh5 30. Rg3 f5 31. Rf1 Raf7 32. Qf4 Qe2 33. Bc1 Qc2 34. Qe5 g6 35. Bh6 Rc8 36. Qe6 Qc6 37. Qxc6 Rxc6 38. Bxe4 dxe4 39. Bf4 Rd7 40. Be5 Kf7 41. Kf2 Ke6 42. Ke3 Rd8 43. Kf4 Rc2 44. h4 Rdc8 45. h5 Kf7 46. hxg6+ hxg6 47. Rh3 R8c3 48. Rh7+ Ke6 49. d5+ Kxd5 50. Bxc3 bxc3 51. Rc7 Kd4 52. Rd1+ Rd2 53. Rd7+ Kc5 54. R1xd2 cxd2 55. Rxd2 Kb4 56. Rd5 g5+ 57. Kxf5 e3 58. Rb5+ Kc3 59. Rxa5 1-0

[Event "BAN-chT SAIF POWERTEC 2020"]
[Site "Dhaka"]
[Date "2021.03.28"]
[Round "10.12"]
[White "Asif, Mahmud"]
[Black "Ikramul, Haq Siam"]
[Result "1/2-1/2"]
[ECO "D37"]
[WhiteElo "1907"]
[BlackElo "2037"]
[Annotator "NA"]
[PlyCount "63"]
[EventDate "2021.03.19"]
[EventType "team-tourn"]
[EventCountry "BAN"]
[SourceTitle "playchess.com"]
[Source "ChessBase"]
[SourceQuality "1"]
[TimeControl "5400+30"]

1. d4 d5 2. c4 e6 3. Nc3 a6 4. cxd5 exd5 5. Nf3 Nf6 6. Bg5 Be7 7. e3 c6 8. Bd3 Bg4 9. Qb3 Bc8 10. O-O Nbd7 11. Qc2 h6 12. Bh4 Nh5 13. Bxe7 Qxe7 14. e4 dxe4 15. Nxe4 O-O 16. Rfe1 Ndf6 17. Nc5 Qc7 18. h3 Nf4 19. Bc4 b6 20. Ne4 Nxe4 21. Qxe4 Be6 22. Bxe6 Nxe6 23. Rac1 Rac8 24. b4 Rfd8 25. g3 Qd6 26. a3 a5 27. bxa5 bxa5 28. Rc3 Nxd4 29. Nxd4 Qxd4 30. Qxd4 Rxd4 31. Re5 a4 32. Rec5 1/2-1/2

[Event "BAN-chT SAIF POWERTEC 2020"]
[Site "Dhaka"]
[Date "2021.03.29"]
[Round "11.3"]
[White "Mollah Abdullah, Al Rakib"]
[Black "Reefat, Bin-Sattar"]
[Result "1/2-1/2"]
[ECO "D22"]
[WhiteElo "2463"]
[BlackElo "2409"]
[Annotator "ChessBase"]
[PlyCount "62"]
[EventDate "2021.03.19"]
[EventType "team-tourn"]
[EventCountry "BAN"]
[SourceTitle "playchess.com"]
[Source "ChessBase"]
[SourceQuality "1"]
[TimeControl "5400+30"]

1. d4 d5 2. c4 dxc4 3. Nf3 a6 4. e3 Bg4 5. Bxc4 e6 6. O-O Nf6 7. b3 Nc6 8. Bb2 Bd6 9. Be2 O-O 10. Nbd2 Re8 11. Ne5 Bxe5 12. Bxg4 Nxg4 13. Qxg4 f5 14. Qe2 Bf6 15. Rac1 e5 16. dxe5 Nxe5 17. Bxe5 Bxe5 18. Nf3 Bd6 19. Qc4+ Kh8 20. Rfd1 Qf6 21. Qd5 Rab8 22. Rd4 Re7 23. Qc4 Rbe8 24. g3 g6 25. Qd3 Kg7 26. Kg2 Re4 27. Rd5 R4e6 28. Rd1 Qb2 29. Rd2 Qf6 30. Rd1 Qb2 31. Rd2 Qf6 1/2-1/2

[Event "BAN-chT SAIF POWERTEC 2020"]
[Site "Dhaka"]
[Date "2021.03.29"]
[Round "11.4"]
[White "Mohammed Abdul, Malek"]
[Black "Rahman, Ziaur"]
[Result "0-1"]
[ECO "D48"]
[WhiteElo "2134"]
[BlackElo "2419"]
[Annotator "NA"]
[PlyCount "66"]
[EventDate "2021.03.19"]
[EventType "team-tourn"]
[EventCountry "BAN"]
[SourceTitle "playchess.com"]
[Source "ChessBase"]
[SourceQuality "1"]
[TimeControl "5400+30"]

1. d4 d5 2. Nf3 Nf6 3. c4 e6 4. Nc3 c6 5. e3 Nbd7 6. Bd3 dxc4 7. Bxc4 b5 8. Bd3 Bb7 9. O-O a6 10. a4 b4 11. Ne4 c5 12. Nxf6+ Nxf6 13. a5 cxd4 14. Qa4+ Qd7 15. Nxd4 e5 16. Qxd7+ Nxd7 17. Ne2 Nc5 18. Bc4 Rd8 19. Ng3 h5 20. f3 h4 21. Ne2 (21. Ne4 $17 {was called for.}) 21... Bd5 22. Bxd5 Rxd5 23. h3 Nb3 24. e4 Rc5 ({Not} 24... Rxa5 25. Rxa5 Nxa5 26. Rd1 $17) 25. Rb1 Rc2 ({Not} 25... Rxa5 26. Be3 $17) 26. Kf2 {[%emt 0:05:49] [#]} Bc5+ $1 ({Not} 26... Nxa5 27. b3 $17) 27. Be3 Bxe3+ (27... Nd4 $19 {has better winning chances.} 28. Rfe1 b3) 28. Kxe3 Rh6 ({Not} 28... Nxa5 29. Rfc1 $15) 29. Rfd1 Nxa5 $19 30. Rd5 Nc4+ 31. Kd3 b3 32. Nc1 Rc6 33. Nxb3 Nxb2+ 0-1

[Event "BAN-chT SAIF POWERTEC 2020"]
[Site "Dhaka"]
[Date "2021.03.29"]
[Round "11.5"]
[White "Chowdhury, Sohel"]
[Black "Aronyak Ghosh"]
[Result "0-1"]
[ECO "B04"]
[WhiteElo "2149"]
[BlackElo "2436"]
[Annotator "NA"]
[PlyCount "102"]
[EventDate "2021.03.19"]
[EventType "team-tourn"]
[EventCountry "BAN"]
[SourceTitle "playchess.com"]
[Source "ChessBase"]
[SourceQuality "1"]
[TimeControl "5400+30"]

1. e4 Nf6 2. e5 Nd5 3. d4 d6 4. Nf3 dxe5 5. Nxe5 c6 6. c3 g6 7. Qf3 Be6 8. Nd2 Nd7 9. Ndc4 Bg7 10. Bd3 ({White should play} 10. Be2 $11) 10... Nxe5 11. Nxe5 O-O 12. Qe2 {[%emt 0:00:45] [#]} c5 $1 13. Nf3 cxd4 14. Nxd4 {[%emt 0:00:30] [#]} Nb4 $1 15. O-O Nxd3 16. Qxd3 Rc8 17. Re1 Bc4 18. Qe4 e5 19. Nf3 Bd5 20. Qe2 e4 21. Nd4 f5 22. Nc2 Bc4 23. Qe3 a5 24. Na3 Bd3 25. Qg3 b5 26. Bg5 Qb6 27. Rad1 b4 28. Nb1 Qb5 29. h4 h6 30. Bf4 Kh7 31. Bd6 Rfd8 32. cxb4 axb4 33. a3 Bc2 34. Rc1 b3 35. Nc3 Rxc3 36. bxc3 b2 37. Bb4 bxc1=Q 38. Rxc1 Bd3 39. h5 g5 40. Qc7 Qd7 41. Qb6 Rc8 42. a4 Rc6 43. Qb8 f4 44. a5 Qg4 45. Re1 f3 46. Qg3 Qxg3 47. fxg3 g4 48. gxf3 gxf3 49. Kf2 Bxc3 50. Bxc3 Rxc3 51. Ra1 Rc2+ 0-1

[Event "BAN-chT SAIF POWERTEC 2020"]
[Site "Dhaka"]
[Date "2021.03.29"]
[Round "11.6"]
[White "Subhayan Kundu"]
[Black "Puranik, Abhimanyu"]
[Result "1/2-1/2"]
[ECO "C54"]
[WhiteElo "2305"]
[BlackElo "2584"]
[Annotator "ChessBase"]
[PlyCount "117"]
[EventDate "2021.03.19"]
[EventType "team-tourn"]
[EventCountry "BAN"]
[SourceTitle "playchess.com"]
[Source "ChessBase"]
[SourceQuality "1"]
[TimeControl "5400+30"]

1. e4 e5 2. Nf3 Nc6 3. Bc4 Bc5 4. c3 Nf6 5. d3 d6 6. Nbd2 a6 7. Bb3 Ba7 8. h3 Be6 9. Nf1 d5 10. Qe2 d4 11. Bxe6 fxe6 12. cxd4 Nxd4 13. Nxd4 Bxd4 14. Be3 Qd6 15. Bxd4 Qxd4 16. Ne3 O-O-O 17. O-O-O Rd6 18. Kb1 Rhd8 19. Nc4 R6d7 20. Rhe1 Qc5 21. Rd2 Rd4 22. Rc1 Kb8 23. Na3 Qb6 24. Nc4 Qb5 25. Na3 Qd7 26. Nc4 Qb5 27. Na3 Qe8 28. Nc4 Nd7 29. Qe3 Qf8 30. g3 Qf6 31. f4 exf4 32. gxf4 e5 33. Rf2 Qe7 34. Rfc2 c6 35. Na5 Ka8 36. Rxc6 bxc6 37. Nxc6 Qe8 38. fxe5 Nxe5 39. Nxd4 Qd7 40. Rc5 Qxd4 41. Qxd4 Rxd4 42. Rxe5 Rxd3 43. h4 Rh3 44. h5 Kb7 45. Kc2 Kb6 46. b4 g6 47. hxg6 hxg6 48. a4 Rg3 49. Re6+ Kb7 50. a5 g5 51. Rb6+ Ka7 52. Rg6 Re3 53. Rg7+ Kb8 54. Re7 g4 55. Kd2 Rb3 56. e5 g3 57. Rg7 Kc8 58. Kc2 Rxb4 59. Rxg3 1/2-1/2

[Event "BAN-chT SAIF POWERTEC 2020"]
[Site "Dhaka"]
[Date "2021.03.29"]
[Round "11.8"]
[White "Asif, Mahmud"]
[Black "Chatterjee, Debaraj"]
[Result "0-1"]
[ECO "E10"]
[WhiteElo "1907"]
[BlackElo "2223"]
[Annotator "NA"]
[PlyCount "90"]
[EventDate "2021.03.19"]
[EventType "team-tourn"]
[EventCountry "BAN"]
[SourceTitle "playchess.com"]
[Source "ChessBase"]
[SourceQuality "1"]
[TimeControl "5400+30"]

1. d4 Nf6 2. c4 c5 3. d5 e6 4. Nf3 exd5 5. cxd5 d6 6. e4 g6 7. Bd3 Bg7 8. O-O O-O 9. h3 b5 {[%emt 0:03:02] 9...c4 deserves study.} 10. Re1 Bd7 {[%emt 0:09:10] [#]} (10... Ba6 $14) 11. Bf4 $146 ({Predecessor:} 11. a4 bxa4 12. Nc3 Nh5 13. Bg5 Bf6 14. Bh6 Bg7 15. Bg5 Bf6 16. Be3 Re8 17. g4 {1-0 (31) Yakovich,Y (2585)-Wojtaszek,R (2553) Moscow 2005}) 11... Qb6 12. Qc2 Na6 13. a3 (13. Bf1 $1 $14) 13... c4 14. Bf1 Rac8 15. Nbd2 (15. a4 $1 $11) 15... Nh5 (15... Nc5 $15) 16. Be3 Qb7 17. Bd4 ({White should try} 17. a4 $14) 17... Bxd4 18. Nxd4 Nf4 (18... Qb6 $11 {remains equal.} 19. N2f3 Nc5) 19. N2f3 Nc5 20. Qd2 Nfd3 21. Bxd3 Nxd3 22. Re2 $11 f6 23. b3 Ne5 24. bxc4 Rxc4 25. Rc1 Rfc8 26. Rxc4 bxc4 27. Qc3 Qb1+ 28. Re1 Qd3 29. Qxd3 Nxd3 30. Rb1 c3 31. Nc2 Ba4 32. Nfd4 Re8 33. f3 f5 34. exf5 Bxc2 35. Nxc2 Re2 36. Nd4 Rb2 37. Rd1 Rd2 38. Rb1 Nc5 39. Rb8+ Kg7 40. Ne6+ Nxe6 41. dxe6 c2 42. Rb7+ Kf6 43. Rf7+ Kg5 44. h4+ Kf4 45. fxg6+ Kg3 0-1

[Event "BAN-chT SAIF POWERTEC 2020"]
[Site "Dhaka"]
[Date "2021.03.29"]
[Round "11.10"]
[White "Zia, Tahsin Tajwar"]
[Black "Neelotpal, Das"]
[Result "0-1"]
[ECO "D02"]
[WhiteElo "2092"]
[BlackElo "2425"]
[Annotator "NA"]
[PlyCount "92"]
[EventDate "2021.03.19"]
[EventType "team-tourn"]
[EventCountry "BAN"]
[SourceTitle "playchess.com"]
[Source "ChessBase"]
[SourceQuality "1"]
[TimeControl "5400+30"]

1. d4 Nf6 2. Bf4 d5 3. e3 e6 4. Nd2 Bd6 5. Bg3 O-O 6. Ngf3 c5 7. c3 Qc7 8. Bd3 {[%emt 0:00:24] 8.dxc5 deserves study.} Nbd7 9. O-O Bxg3 10. hxg3 b6 11. Rc1 Bb7 12. c4 {[%emt 0:00:29] [#]} Rac8 $146 ({Predecessor:} 12... dxc4 13. Nxc4 Rad8 14. Qe2 Qb8 15. Rfd1 h6 16. a3 cxd4 17. Nxd4 Nc5 18. Bb1 Rd7 {0-1 (74) Norowitz,Y (2420)-Svane,R (2613) Chess.com INT 2021}) 13. cxd5 exd5 14. dxc5 bxc5 15. Qa4 Qb6 16. Qh4 Rfe8 ({Avoid the trap} 16... Qxb2 $2 17. Rb1 $18) 17. Rfd1 Nf8 ({Don't go for} 17... Qxb2 $2 18. Rb1 $18) 18. Bf5 Rb8 19. Qa4 g6 20. Bb1 N8d7 ({Much worse is} 20... Qxb2 $6 21. Nb3 $14) 21. b3 a5 22. Qh4 Qb4 23. Qh6 Ba6 24. Ng5 $2 (24. e4 $11 {and White has nothing to worry.}) 24... Be2 25. a3 Qxa3 26. Re1 Ba6 27. e4 Qb4 28. Rcd1 Nf8 29. f3 c4 30. e5 Nh5 31. e6 f5 32. Nxh7 Qb6+ ({Wrong is} 32... cxb3 $2 33. Nxf8 Rxf8 34. e7 $18 (34. Qxg6+ Ng7 $18)) 33. Kh2 $11 Rxe6 34. Bxf5 gxf5 35. Rxe6 Qxe6 36. Qxh5 Nxh7 37. f4 Kg7 38. Nf3 Qh6 39. Qxh6+ Kxh6 40. Rxd5 cxb3 41. Rd6+ Kg7 42. Rxa6 b2 43. Ra7+ Kg8 44. Nd2 Rd8 45. Nb1 Rd1 46. Na3 Nf6 0-1

[Event "BAN-chT SAIF POWERTEC 2020"]
[Site "Dhaka"]
[Date "2021.03.29"]
[Round "11.11"]
[White "Hossain, Enamul"]
[Black "Mitrabha, Guha"]
[Result "0-1"]
[ECO "C16"]
[WhiteElo "2426"]
[BlackElo "2445"]
[Annotator "NA"]
[PlyCount "64"]
[EventDate "2021.03.19"]
[EventType "team-tourn"]
[EventCountry "BAN"]
[SourceTitle "playchess.com"]
[Source "ChessBase"]
[SourceQuality "1"]
[TimeControl "5400+30"]

1. e4 e6 2. d4 d5 3. Nc3 Bb4 4. e5 b6 5. h4 Qd7 6. h5 Ba6 7. Bxa6 Nxa6 8. Qd3 Nb8 9. Nge2 Nc6 10. Bd2 O-O-O 11. a3 Bxc3 12. Bxc3 ({Reject} 12. Nxc3 $6 f6 $11) 12... f6 13. f4 Nh6 14. O-O-O Kb7 15. Kb1 f5 16. Ng1 a5 17. Nf3 Rdg8 18. Be1 Ng4 19. Bh4 Qe8 ({Black should play} 19... Rc8 $11) 20. c4 dxc4 21. Qd2 h6 22. Rc1 Qd7 23. Rxc4 Rc8 24. Rhc1 Na7 25. Ka1 c6 26. Qd3 Rc7 27. R4c2 Qd5 28. a4 c5 29. Be1 {[%emt 0:00:30] [#]} (29. Rc4 $11) 29... Rhc8 $1 30. Rc4 $2 (30. Rd2 $15) 30... Nc6 $19 31. Bc3 (31. R1c3 $142 Nb4 32. Qe2) 31... Ne3 32. Nd2 cxd4 0-1

[Event "BAN-chT SAIF POWERTEC 2020"]
[Site "Dhaka"]
[Date "2021.03.29"]
[Round "11.12"]
[White "Koustav Chatterjee"]
[Black "Rahman, Taibur"]
[Result "1-0"]
[ECO "D30"]
[WhiteElo "2431"]
[BlackElo "2215"]
[Annotator "NA"]
[PlyCount "59"]
[EventDate "2021.03.19"]
[EventType "team-tourn"]
[EventCountry "BAN"]
[SourceTitle "playchess.com"]
[Source "ChessBase"]
[SourceQuality "1"]
[TimeControl "5400+30"]

1. d4 d5 2. c4 e6 3. Nf3 c5 4. cxd5 exd5 5. g3 Nc6 6. Bg2 cxd4 7. Nxd4 Bc5 8. Nxc6 bxc6 9. Qc2 Qb6 10. O-O Ne7 11. Nc3 Bd4 12. Na4 Qb5 13. Rd1 Bb6 14. Bg5 f6 15. Bf4 O-O (15... Qc4 $16 16. Qxc4 dxc4) 16. Nxb6 axb6 17. Bd6 Ra7 18. Rac1 Bf5 19. e4 Bg4 $2 (19... Bxe4 $16 {is a better defense.} 20. Bxe4 dxe4 21. Qxe4 Kf7) 20. Rd2 (20. f3 $142) 20... Be6 $18 (20... c5 $16 21. exd5 Rd8) 21. Bf1 Qa5 22. b4 Qa3 23. Rd3 Qa6 24. exd5 Bf5 25. dxc6 Qc8 26. c7 Re8 27. Bxe7 Bxd3 28. Bxd3 Rxe7 29. Bf5 Raxc7 30. Bxc8 1-0